AoeStats
← 海峡

Black Forest

509080031Analyzed
2v2 RM · 8d ago on Sep 25, 2026· 29m 10s· 4 players
Game mode
Random Map
Map size
Medium (4 player)
Population
200
Speed
Normal
Resources
Standard
Victory
Conquest
Starting age
Dark Age
Ending age
Imperial Age
RankedLock teamsTeams togetherTeam positionsShared explorationLock speedFull tech treeHidden civsTurbo modeCheats
Victory
Defeat
🇨🇳 Armenians · China
1426
+8
🇨🇳 Chinese · China
1164
+18
🇭🇺 Romans · Hungary
1250
-14
🇲🇽 Danes · Mexico
1198
-12
Gumndor
1:02 Loom
10:52 Feudal Age
14:40 Castle Age
15:48 Scale Mail Armor
wugabor
0:51 Loom
12:22 Feudal Age
12:58 Double-Bit Axe
18:11 Castle Age
16:40 Man-at-Arms
18:05 Scale Mail Armor
18:09 Gold Mining
18:02 Horse Collar
18:15 Long Swordsman
19:21 Long Swordsman
21:07 Chain Mail Armor
还有遗憾吗
0:36 Loom
12:30 Feudal Age
16:35 Castle Age
15:25 Double-Bit Axe
15:22 Horse Collar
15:37 Gold Mining
27:55 Bow Saw
27:41 Stone Mining
31:21 Imperial Age
29:27 Wheelbarrow
28:37 Town Watch
海峡
9:28 Feudal Age
9:32 Man-at-Arms
10:01 Double-Bit Axe
10:35 Long Swordsman
11:41 Arson
14:37 Scale Mail Armor
18:29 Forging
18:45 Loom
Connection lost

Rejoining the realm…

Still unreachable

The connection could not be restored.

Session expired

The server has moved on; the page needs a fresh start.